Canucks vs Jets

Created - April-06-13 at 10:21

Goals
1 2 3 T
Canucks 3 2 0 5
Jets 1 0 0 1
Shots
1 2 3 T
Canucks 8 8 6 22
Jets 3 7 3 13

1st period

1. Jets , Dave Bolland 15 (Matt Cooke, Lee Stempniak) at 2:35
2. Canucks , Henrik Zetterberg 25 (Corey Perry, Ryan OReilly) at 2:47
3. Canucks , Maxime Talbot 13 (Alex Pietrangelo, Brooks Laich) at 5:11
4. Canucks , Alex Pietrangelo 9 (Loui Eriksson, Brooks Laich) at 16:23 (PP)

Penalties :
Matt Cooke (WPG) for Interference (Minor) at 6:52, Marco Scandella (VAN) for Hooking (Minor) at 6:52, Jordan Staal (WPG) for Holding (Minor) at 10:02, Lee Stempniak (WPG) for Interference (Minor) at 13:36, Jason Garrison (WPG) for Holding (Minor) at 15:56, Marco Scandella (VAN) for Hooking (Minor) at 18:31, Mark Giordano (WPG) for Hooking (Minor) at 19:22

2nd period

5. Canucks , Ryan OReilly 19 (Henrik Zetterberg, Corey Perry) at 10:32
6. Canucks , Loui Eriksson 22 (Mikko Koivu, Alex Pietrangelo) at 19:32

Penalties :
Mikko Koivu (VAN) for Holding (Minor) at 2:25, Jordan Staal (WPG) for Hooking (Minor) at 16:16, Matt Cooke (WPG) for Hooking (Minor) at 19:54

3rd period

No Goal

Penalties :
Jamie Benn (WPG) for Holding (Minor) at 10:23

Goalie Stats

Henrik Lundqvist (VAN), 12 saves from 13 shots - (0.923), W, 47-24-4, 60:00 minutes
Ilya Bryzgalov (WPG), 6 saves from 6 shots - (1.000), 20:28 minutes
Tim Thomas (WPG), 11 saves from 16 shots - (0.688), L, 28-18-2, 39:32 minutes

Players Stats for Canucks

Player Name              G  A  P  +/- PIM S  H  SB GA TA FO     MP     PP MP  PK MP  
------------------------------------------------------------------------------------
Alex Pietrangelo         1  2  3   3  0   4  3  2  0  0  0/0    20:17   6:56   1:31 
Brandon Sutter           0  0  0   0  0   0  0  0  0  0  2/3     8:37   0:00   0:43 
Brooks Laich             0  2  2   1  0   1  2  0  0  0  7/20   19:12   5:33   2:07 
Corey Perry              0  2  2   2  0   2  6  0  0  0  0/2    22:34   5:33   0:00 
Dmitry Kulikov           0  0  0   3  0   0  1  1  0  0  0/0    17:45   3:27   0:00 
Erik Karlsson            0  0  0  -1  0   2  0  0  0  0  0/0    22:20   7:28   1:27 
Henrik Zetterberg        1  1  2   2  0   1  1  0  0  0  0/0    20:27   5:40   0:00 
Kris Russell             0  0  0   0  0   0  0  0  0  0  0/0     6:50   0:50   0:00 
Loui Eriksson            1  1  2   0  0   5  1  0  0  0  0/2    15:52   5:01   0:00 
Marco Scandella          0  0  0   1  4   0  1  0  0  0  0/0    15:54   0:00   0:04 
Matt Carle               0  0  0  -1  0   1  4  0  0  0  0/0    19:15   3:45   1:19 
Maxime Talbot            1  0  1   1  0   3  2  0  0  0  1/3    14:32   0:00   2:07 
Mikko Koivu              0  1  1   0  2   1  1  1  0  0  12/22  16:30   5:40   0:00 
Nick Foligno             0  0  0   0  0   1  0  0  0  0  0/0     6:23   0:00   0:43 
Phil Kessel              0  0  0   0  0   0  0  0  0  0  1/1    21:21   4:50   0:00 
Radek Martinek           0  0  0   1  0   0  1  1  0  0  0/0    17:37   0:00   1:19 
Ryan OReilly             1  1  2   2  0   1  0  0  0  0  8/15   17:02   1:22   0:00 
Valtteri Filppula        0  0  0   1  0   0  0  0  0  0  1/1    11:32   0:00   0:00 

Players Stats for Jets

Player Name              G  A  P  +/- PIM S  H  SB GA TA FO     MP     PP MP  PK MP  
------------------------------------------------------------------------------------
Andrew Cogliano          0  0  0   0  0   0  2  0  0  0  0/0     4:47   0:00   0:00 
Carlo Colaiacovo         0  0  0   0  0   0  2  0  0  0  0/0    15:47   0:42   0:55 
Dave Bolland             1  0  1   0  0   3  0  0  0  0  13/18  16:41   0:00   6:27 
Henrik Sedin             0  0  0  -1  0   2  0  0  0  0  8/20   18:36   0:42   0:21 
James Wisniewski         0  0  0  -2  0   1  1  1  0  0  0/0    19:27   2:08   1:12 
Jamie Benn               0  0  0  -2  2   1  2  0  0  0  0/0    13:31   0:42   0:00 
Jason Garrison           0  0  0  -2  2   0  5  0  0  0  0/0    22:16   0:42   4:59 
Johnny Oduya             0  0  0   0  0   1  4  3  0  0  0/0    16:38   0:00   4:15 
Jordan Staal             0  0  0  -2  4   3  0  0  0  0  11/20  18:33   2:08   2:15 
Lee Stempniak            0  1  1   0  2   0  1  0  0  0  0/0    14:11   0:00   0:00 
Mark Fistric             0  0  0  -1  0   0  0  0  0  0  0/0     4:29   0:00   1:07 
Mark Giordano            0  0  0   0  2   0  1  1  0  0  0/0    21:36   2:07   4:59 
Martin Erat              0  0  0  -1  0   1  1  0  0  0  0/0    17:51   2:08   0:34 
Matt Cooke               0  1  1   0  4   0  1  0  0  0  0/0    15:13   0:00   5:01 
Matt Cullen              0  0  0   0  0   0  1  0  0  0  2/7     9:00   0:00   3:50 
Matt Moulson             0  0  0  -1  0   0  0  0  0  0  0/0    18:55   0:42   0:00 
Pascal Dupuis            0  0  0  -2  0   1  0  0  0  0  3/4    19:05   2:08   3:58 
Ron Hainsey              0  0  0  -1  0   0  1  4  0  0  0/0    18:56   0:00   4:59 

3 Stars

1 - Alex Pietrangelo (VAN)
2 - Corey Perry (VAN)
3 - Henrik Zetterberg (VAN)

Power Play

Canucks - 1 on 7 Attempt(s) - 14.29%
Jets - 0 on 2 Attempt(s) - 0.00%

Penalty Kill

Canucks - 2 on 2 Attempt(s) - 100.00% - Score 0 goal in Penalty Kill
Jets - 6 on 7 Attempt(s) - 85.71% - Score 0 goal in Penalty Kill

Official

Referees : Ian Walsh and Dan O'Rourke
Linesman : Vaughan Rody and Michel Cormier

Game Notes

Ilya Bryzgalov enters game at 19:32 of 2nd period

Finance

Level 1 -- Attendance: 5561 (92.68%) -- Ticket Income $639,515
Level 2 -- Attendance: 4103 (82.06%) -- Ticket Income $373,373
Level 3 -- Attendance: 2187 (99.41%) -- Ticket Income $177,147
Level 4 -- Attendance: 1015 (100.00%) -- Ticket Income $76,125
Luxury Box -- Attendance: 653 (81.63%) -- Ticket Income $195,900
Game was played at the MTS Center
Total Attendance: 13519 (90.04%)
Total Ticket Income: $1,462,060
Other Income: $219,309
Total Income: $1,681,369


% Time on Ice - Canucks

Lines # - Real PCT - Wanted PCT - Time Play
Normal Forward
1 - 35% - 36% - 14:47
2 - 25% - 32% - 10:51
3 - 27% - 25% - 11:32
4 - 13% - 7% - 5:40
Normal Defense
1 - 28% - 34% - 11:50
2 - 26% - 31% - 11:09
3 - 37% - 28% - 15:52
4 - 9% - 7% - 3:59
PP Forward
1 - 51% - 54% - 5:40
2 - 49% - 46% - 5:33
PP Defense
1 - 67% - 55% - 7:28
2 - 33% - 45% - 3:45
PK Forward
1 - 75% - 60% - 2:07
2 - 25% - 40% - 0:43
PK Defense
1 - 54% - 60% - 1:31
2 - 46% - 40% - 1:19
PK3 Forward
1 - 0% - 54%
2 - 0% - 46%
PK3 Defense
1 - 0% - 55%
2 - 0% - 45%
44 Forward
1 - 72% - 56% - 2:14
2 - 28% - 44% - 0:53
44 Defense
1 - 79% - 60% - 2:27
2 - 21% - 40% - 0:40
Last Minute Offensive  - 0:00
Last Minute Defensive  - 0:00
Total
Forward - 60:00
Defense - 60:00

% Time on Ice - Jets

Lines # - Real PCT - Wanted PCT - Time Play
Normal Forward
1 - 30% - 37% - 12:50
2 - 35% - 36% - 14:59
3 - 24% - 17% - 10:14
4 - 11% - 10% - 4:47
Normal Defense
1 - 35% - 35% - 14:54
2 - 33% - 35% - 13:59
3 - 26% - 23% - 11:18
4 - 6% - 7% - 2:39
PP Forward
1 - 25% - 60% - 0:42
2 - 75% - 40% - 2:08
PP Defense
1 - 75% - 63% - 2:08
2 - 25% - 37% - 0:42
PK Forward
1 - 58% - 60% - 6:27
2 - 42% - 40% - 4:46
PK Defense
1 - 52% - 60% - 5:47
2 - 48% - 40% - 5:26
PK3 Forward
1 - 0% - 60%
2 - 0% - 40%
PK3 Defense
1 - 0% - 60%
2 - 0% - 40%
44 Forward
1 - 82% - 60% - 2:34
2 - 18% - 40% - 0:33
44 Defense
1 - 65% - 60% - 2:02
2 - 35% - 40% - 1:05
Last Minute Offensive  - 0:00
Last Minute Defensive  - 0:00
Total
Forward - 60:00
Defense - 60:00

Play by Play

1st period


0:01 of 1st period - Jordan Staal wins face-off versus Ryan OReilly in neutral zone.
0:01 of 1st period - Jason Garrison is hit by Corey Perry and loses puck.
0:43 of 1st period - Shot by Jamie Benn.
0:43 of 1st period - Stopped by Henrik Lundqvist without a rebound.
0:44 of 1st period - Henrik Sedin wins face-off versus Loui Eriksson in Canucks zone.
0:50 of 1st period - Icing by Loui Eriksson.
0:51 of 1st period - Mikko Koivu wins face-off versus Henrik Sedin in Canucks zone.
0:51 of 1st period - Phil Kessel is hit by Martin Erat and loses puck.
1:03 of 1st period - Icing by Johnny Oduya.
1:04 of 1st period - Henrik Sedin wins face-off versus Brooks Laich in Jets zone.
1:04 of 1st period - Martin Erat is hit by Brooks Laich and loses puck.
1:23 of 1st period - Shot by Martin Erat.
1:23 of 1st period - Shot Misses the Net.
2:08 of 1st period - Loui Eriksson is hit by Carlo Colaiacovo and loses puck.
2:32 of 1st period - Matt Cooke is hit by Matt Carle and loses puck.
2:35 of 1st period - Shot by Dave Bolland.
2:35 of 1st period - Goal by Dave Bolland - Canucks : 0 - Jets : 1.
2:36 of 1st period - Ryan OReilly wins face-off versus Jordan Staal in neutral zone.
2:38 of 1st period - Alex Pietrangelo is hit by Jamie Benn and loses puck.
2:42 of 1st period - Alex Pietrangelo is hit by James Wisniewski and loses puck.
2:45 of 1st period - Shot by Ryan OReilly.
2:45 of 1st period - Deflect By Corey Perry.
2:45 of 1st period - Shot Misses the Net.
2:47 of 1st period - Shot by Henrik Zetterberg.
2:47 of 1st period - Goal by Henrik Zetterberg - Canucks : 1 - Jets : 1.
2:48 of 1st period - Ryan OReilly wins face-off versus Jordan Staal in neutral zone.
2:52 of 1st period - Off-side.
2:53 of 1st period - Ryan OReilly wins face-off versus Matt Cullen in neutral zone.
3:03 of 1st period - Corey Perry is hit by Andrew Cogliano and loses puck.
3:12 of 1st period - Mark Giordano is hit by Corey Perry and loses puck.
3:30 of 1st period - Shot by Lee Stempniak.
3:30 of 1st period - Shot Misses the Net.
4:11 of 1st period - Off-side.
4:12 of 1st period - Brooks Laich wins face-off versus Jordan Staal in neutral zone.
4:14 of 1st period - Off-side.
4:15 of 1st period - Mikko Koivu wins face-off versus Jordan Staal in neutral zone.
4:33 of 1st period - Shot by Loui Eriksson.
4:33 of 1st period - Stopped by Tim Thomas without a rebound.
4:34 of 1st period - Henrik Sedin wins face-off versus Brooks Laich in Jets zone.
4:34 of 1st period - Henrik Sedin is hit by Maxime Talbot.
4:48 of 1st period - Shot by Matt Moulson.
4:48 of 1st period - Shot Blocked by Dmitry Kulikov.
5:11 of 1st period - Shot by Maxime Talbot.
5:11 of 1st period - Goal by Maxime Talbot - Canucks : 2 - Jets : 1.
5:12 of 1st period - Jordan Staal wins face-off versus Mikko Koivu in neutral zone.
5:30 of 1st period - Matt Carle is hit by Jamie Benn.
5:57 of 1st period - Icing by Jason Garrison.
5:58 of 1st period - Pascal Dupuis wins face-off versus Ryan OReilly in Jets zone.
6:47 of 1st period - Shot by Mark Giordano.
6:47 of 1st period - Shot Misses the Net.
6:52 of 1st period - Minor Penalty to Matt Cooke for Interference.
6:52 of 1st period - Minor Penalty to Marco Scandella for Hooking.
6:53 of 1st period - Brandon Sutter wins face-off versus Henrik Sedin in Canucks zone.
8:15 of 1st period - Icing by Kris Russell.
8:16 of 1st period - Maxime Talbot wins face-off versus Henrik Sedin in Canucks zone.
8:31 of 1st period - Shot by Jason Garrison.
8:31 of 1st period - Shot Misses the Net.
8:57 of 1st period - Shot by Dave Bolland.
8:57 of 1st period - Shot Misses the Net.
9:59 of 1st period - Shot by Jordan Staal.
9:59 of 1st period - Shot Misses the Net.
10:01 of 1st period - Shot by Jordan Staal.
10:01 of 1st period - Deflect By Jamie Benn.
10:01 of 1st period - Shot Blocked by Alex Pietrangelo.
10:02 of 1st period - Minor Penalty to Jordan Staal for Holding.
10:03 of 1st period - Dave Bolland wins face-off versus Brooks Laich in Jets zone.
10:34 of 1st period - Shot by Erik Karlsson.
10:34 of 1st period - Stopped by Tim Thomas without a rebound.
10:35 of 1st period - Mikko Koivu wins face-off versus Matt Cullen in Jets zone.
11:24 of 1st period - Shot by Loui Eriksson.
11:24 of 1st period - Shot Misses the Net.
11:26 of 1st period - Shot by Corey Perry.
11:26 of 1st period - Deflect By Loui Eriksson.
11:26 of 1st period - Stopped by Tim Thomas without a rebound.
11:27 of 1st period - Matt Cullen wins face-off versus Brooks Laich in Jets zone.
13:36 of 1st period - Minor Penalty to Lee Stempniak for Interference.
13:37 of 1st period - Dave Bolland wins face-off versus Brooks Laich in Jets zone.
13:55 of 1st period - Shot by Erik Karlsson.
13:55 of 1st period - Shot Blocked by Johnny Oduya.
14:07 of 1st period - Shot by Alex Pietrangelo.
14:07 of 1st period - Shot Misses the Net.
14:09 of 1st period - Shot by Alex Pietrangelo.
14:09 of 1st period - Stopped by Tim Thomas without a rebound.
14:10 of 1st period - Dave Bolland wins face-off versus Corey Perry in Jets zone.
14:35 of 1st period - Shot by Brooks Laich.
14:35 of 1st period - Shot Misses the Net.
14:37 of 1st period - Shot by Matt Carle.
14:37 of 1st period - Shot Misses the Net.
15:54 of 1st period - Maxime Talbot is hit by Jason Garrison and loses puck.
15:56 of 1st period - Minor Penalty to Jason Garrison for Holding.
15:57 of 1st period - Mikko Koivu wins face-off versus Dave Bolland in Jets zone.
16:07 of 1st period - Off-side.
16:08 of 1st period - Brooks Laich wins face-off versus Dave Bolland in neutral zone.
16:11 of 1st period - Shot by Matt Carle.
16:11 of 1st period - Shot Blocked by Ron Hainsey.
16:13 of 1st period - Shot by Loui Eriksson.
16:13 of 1st period - Stopped by Tim Thomas without a rebound.
16:14 of 1st period - Brooks Laich wins face-off versus Dave Bolland in Jets zone.
16:17 of 1st period - Shot by Loui Eriksson.
16:17 of 1st period - Shot Blocked by Ron Hainsey.
16:19 of 1st period - Shot by Brooks Laich.
16:19 of 1st period - Shot Misses the Net.
16:21 of 1st period - Shot by Loui Eriksson.
16:21 of 1st period - Shot Misses the Net.
16:23 of 1st period - Shot by Alex Pietrangelo.
16:23 of 1st period - Goal by Alex Pietrangelo - Canucks : 3 - Jets : 1.
16:24 of 1st period - Mikko Koivu wins face-off versus Henrik Sedin in neutral zone.
16:54 of 1st period - Henrik Sedin is hit by Mikko Koivu and loses puck.
18:08 of 1st period - Off-side.
18:09 of 1st period - Dave Bolland wins face-off versus Brooks Laich in neutral zone.
18:30 of 1st period - Shot by Lee Stempniak.
18:30 of 1st period - Deflect By Matt Cooke.
18:30 of 1st period - Shot Misses the Net.
18:31 of 1st period - Minor Penalty to Marco Scandella for Hooking.
18:32 of 1st period - Pascal Dupuis wins face-off versus Brooks Laich in Canucks zone.
19:22 of 1st period - Minor Penalty to Mark Giordano for Hooking.
19:23 of 1st period - Henrik Sedin wins face-off versus Brandon Sutter in Jets zone.
19:23 of 1st period - Henrik Sedin is hit by Corey Perry.
19:48 of 1st period - Shot by Henrik Sedin.
19:48 of 1st period - Stopped by Henrik Lundqvist without a rebound.
19:49 of 1st period - Henrik Sedin wins face-off versus Corey Perry in Canucks zone.

2nd period


0:01 of 2nd period - Brandon Sutter wins face-off versus Henrik Sedin in neutral zone.
0:13 of 2nd period - Corey Perry is hit by Jason Garrison and loses puck.
0:35 of 2nd period - Dave Bolland is hit by Alex Pietrangelo and loses puck.
0:44 of 2nd period - Shot by Johnny Oduya.
0:44 of 2nd period - Shot Blocked by Alex Pietrangelo.
0:46 of 2nd period - Shot by Johnny Oduya.
0:46 of 2nd period - Stopped by Henrik Lundqvist without a rebound.
0:47 of 2nd period - Dave Bolland wins face-off versus Brooks Laich in Canucks zone.
1:08 of 2nd period - Shot by Erik Karlsson.
1:08 of 2nd period - Stopped by Tim Thomas with a rebound.
1:10 of 2nd period - Shot by Corey Perry.
1:10 of 2nd period - Stopped by Tim Thomas without a rebound.
1:11 of 2nd period - Mikko Koivu wins face-off versus Dave Bolland in Jets zone.
1:24 of 2nd period - Shot by Mikko Koivu.
1:24 of 2nd period - Stopped by Tim Thomas without a rebound.
1:25 of 2nd period - Mikko Koivu wins face-off versus Henrik Sedin in Jets zone.
1:35 of 2nd period - Henrik Sedin is hit by Matt Carle and loses puck.
2:25 of 2nd period - Minor Penalty to Mikko Koivu for Holding.
2:26 of 2nd period - Brooks Laich wins face-off versus Jordan Staal in Canucks zone.
2:47 of 2nd period - Shot by James Wisniewski.
2:47 of 2nd period - Stopped by Henrik Lundqvist without a rebound.
2:48 of 2nd period - Brooks Laich wins face-off versus Henrik Sedin in Canucks zone.
4:53 of 2nd period - Shot by Dave Bolland.
4:53 of 2nd period - Stopped by Henrik Lundqvist with a rebound.
5:48 of 2nd period - Jordan Staal is hit by Marco Scandella and loses puck.
6:19 of 2nd period - Shot by Maxime Talbot.
6:19 of 2nd period - Shot Misses the Net.
6:37 of 2nd period - Shot by Maxime Talbot.
6:37 of 2nd period - Shot Misses the Net.
7:04 of 2nd period - Matt Carle is hit by Andrew Cogliano and loses puck.
7:48 of 2nd period - Matt Moulson is hit by Matt Carle and loses puck.
8:18 of 2nd period - Shot by Jordan Staal.
8:18 of 2nd period - Stopped by Henrik Lundqvist without a rebound.
8:19 of 2nd period - Ryan OReilly wins face-off versus Jordan Staal in Canucks zone.
8:46 of 2nd period - Shot by Jordan Staal.
8:46 of 2nd period - Stopped by Henrik Lundqvist without a rebound.
8:47 of 2nd period - Valtteri Filppula wins face-off versus Henrik Sedin in Canucks zone.
9:02 of 2nd period - Carlo Colaiacovo is hit by Maxime Talbot and loses puck.
10:32 of 2nd period - Shot by Ryan OReilly.
10:32 of 2nd period - Goal by Ryan OReilly - Canucks : 4 - Jets : 1.
10:33 of 2nd period - Jordan Staal wins face-off versus Mikko Koivu in neutral zone.
10:54 of 2nd period - Off-side.
10:55 of 2nd period - Henrik Sedin wins face-off versus Ryan OReilly in neutral zone.
11:00 of 2nd period - Shot by Martin Erat.
11:00 of 2nd period - Stopped by Henrik Lundqvist without a rebound.
11:01 of 2nd period - Jordan Staal wins face-off versus Mikko Koivu in Canucks zone.
11:01 of 2nd period - Jordan Staal is hit by Radek Martinek.
11:10 of 2nd period - Icing by Marco Scandella.
11:11 of 2nd period - Phil Kessel wins face-off versus Henrik Sedin in Canucks zone.
12:21 of 2nd period - Jamie Benn is hit by Loui Eriksson and loses puck.
12:38 of 2nd period - Henrik Zetterberg is hit by Jason Garrison and loses puck.
13:04 of 2nd period - Henrik Zetterberg is hit by Johnny Oduya and loses puck.
13:34 of 2nd period - Off-side.
13:35 of 2nd period - Henrik Sedin wins face-off versus Maxime Talbot in neutral zone.
14:33 of 2nd period - Shot by Pascal Dupuis.
14:33 of 2nd period - Stopped by Henrik Lundqvist without a rebound.
14:34 of 2nd period - Dave Bolland wins face-off versus Ryan OReilly in Canucks zone.
15:02 of 2nd period - Matt Cooke is hit by Dmitry Kulikov and loses puck.
15:09 of 2nd period - Shot by Dave Bolland.
15:09 of 2nd period - Shot Misses the Net.
15:14 of 2nd period - Dave Bolland is hit by Alex Pietrangelo and loses puck.
15:28 of 2nd period - Off-side.
15:29 of 2nd period - Jordan Staal wins face-off versus Mikko Koivu in neutral zone.
15:36 of 2nd period - Shot by Jordan Staal.
15:36 of 2nd period - Deflect By Jamie Benn.
15:36 of 2nd period - Shot Blocked by Mikko Koivu.
15:48 of 2nd period - Shot by Mikko Koivu.
15:48 of 2nd period - Deflect By Loui Eriksson.
15:48 of 2nd period - Stopped by Tim Thomas without a rebound.
15:49 of 2nd period - Brooks Laich wins face-off versus Henrik Sedin in Jets zone.
16:12 of 2nd period - Off-side.
16:13 of 2nd period - Jordan Staal wins face-off versus Loui Eriksson in neutral zone.
16:15 of 2nd period - Off-side.
16:16 of 2nd period - Ryan OReilly wins face-off versus Jordan Staal in neutral zone.
16:16 of 2nd period - Minor Penalty to Jordan Staal for Hooking.
16:17 of 2nd period - Dave Bolland wins face-off versus Mikko Koivu in Jets zone.
16:42 of 2nd period - Icing by Mikko Koivu.
16:43 of 2nd period - Dave Bolland wins face-off versus Mikko Koivu in Canucks zone.
17:07 of 2nd period - Icing by Erik Karlsson.
17:08 of 2nd period - Pascal Dupuis wins face-off versus Mikko Koivu in Canucks zone.
17:39 of 2nd period - Jason Garrison is hit by Corey Perry and loses puck.
18:04 of 2nd period - Shot by Matt Carle.
18:04 of 2nd period - Stopped by Tim Thomas without a rebound.
18:05 of 2nd period - Dave Bolland wins face-off versus Mikko Koivu in Jets zone.
18:28 of 2nd period - Icing by Jason Garrison.
18:29 of 2nd period - Ryan OReilly wins face-off versus Henrik Sedin in Jets zone.
19:16 of 2nd period - Off-side.
19:17 of 2nd period - Mikko Koivu wins face-off versus Pascal Dupuis in neutral zone.
19:26 of 2nd period - Shot by Loui Eriksson.
19:26 of 2nd period - Shot Misses the Net.
19:28 of 2nd period - Shot by Alex Pietrangelo.
19:28 of 2nd period - Stopped by Tim Thomas with a rebound.
19:30 of 2nd period - Shot by Mikko Koivu.
19:30 of 2nd period - Shot Misses the Net.
19:32 of 2nd period - Shot by Loui Eriksson.
19:32 of 2nd period - Goal by Loui Eriksson - Canucks : 5 - Jets : 1.
19:32 of 2nd period - Ilya Bryzgalov enters game.
19:33 of 2nd period - Dave Bolland wins face-off versus Maxime Talbot in neutral zone.
19:37 of 2nd period - Johnny Oduya is hit by Matt Carle.
19:54 of 2nd period - Minor Penalty to Matt Cooke for Hooking.
19:55 of 2nd period - Mikko Koivu wins face-off versus Dave Bolland in Jets zone.

3rd period


0:01 of 3rd period - Dave Bolland wins face-off versus Mikko Koivu in neutral zone.
0:06 of 3rd period - Shot by Dave Bolland.
0:06 of 3rd period - Stopped by Henrik Lundqvist without a rebound.
0:07 of 3rd period - Dave Bolland wins face-off versus Mikko Koivu in Canucks zone.
0:50 of 3rd period - Shot by Alex Pietrangelo.
0:50 of 3rd period - Stopped by Ilya Bryzgalov without a rebound.
0:51 of 3rd period - Dave Bolland wins face-off versus Brooks Laich in Jets zone.
1:16 of 3rd period - Shot by Matt Carle.
1:16 of 3rd period - Shot Misses the Net.
1:18 of 3rd period - Shot by Corey Perry.
1:18 of 3rd period - Shot Blocked by Johnny Oduya.
1:20 of 3rd period - Shot by Brooks Laich.
1:20 of 3rd period - Stopped by Ilya Bryzgalov without a rebound.
1:21 of 3rd period - Mikko Koivu wins face-off versus Jordan Staal in Jets zone.
1:57 of 3rd period - Henrik Zetterberg is hit by Carlo Colaiacovo and loses puck.
3:00 of 3rd period - Shot by Corey Perry.
3:00 of 3rd period - Deflect By Henrik Zetterberg.
3:00 of 3rd period - Shot Misses the Net.
3:02 of 3rd period - Shot by Corey Perry.
3:02 of 3rd period - Stopped by Ilya Bryzgalov without a rebound.
3:03 of 3rd period - Mikko Koivu wins face-off versus Jordan Staal in Jets zone.
3:03 of 3rd period - Mikko Koivu is hit by Jason Garrison.
3:34 of 3rd period - Phil Kessel is hit by Jason Garrison and loses puck.
3:38 of 3rd period - Icing by Jason Garrison.
3:39 of 3rd period - Jordan Staal wins face-off versus Ryan OReilly in Jets zone.
3:39 of 3rd period - Jordan Staal is hit by Corey Perry.
3:56 of 3rd period - Icing by Jason Garrison.
3:57 of 3rd period - Jordan Staal wins face-off versus Brooks Laich in Jets zone.
4:21 of 3rd period - Marco Scandella is hit by Matt Cooke.
4:53 of 3rd period - Shot by Ryan OReilly.
4:53 of 3rd period - Shot Misses the Net.
6:41 of 3rd period - Shot by Brooks Laich.
6:41 of 3rd period - Shot Misses the Net.
6:43 of 3rd period - Shot by Brooks Laich.
6:43 of 3rd period - Shot Blocked by Ron Hainsey.
6:50 of 3rd period - Maxime Talbot is hit by Johnny Oduya and loses puck.
7:08 of 3rd period - Brooks Laich is hit by Ron Hainsey.
7:34 of 3rd period - Henrik Zetterberg is hit by Johnny Oduya and loses puck.
7:39 of 3rd period - Shot by Ryan OReilly.
7:39 of 3rd period - Shot Misses the Net.
7:41 of 3rd period - Shot by Corey Perry.
7:41 of 3rd period - Shot Blocked by Ron Hainsey.
7:48 of 3rd period - Ryan OReilly is hit by Johnny Oduya and loses puck.
8:20 of 3rd period - Nick Foligno is hit by Mark Giordano and loses puck.
9:42 of 3rd period - Shot by Brooks Laich.
9:42 of 3rd period - Deflect By Valtteri Filppula.
9:42 of 3rd period - Shot Blocked by James Wisniewski.
9:44 of 3rd period - Shot by Maxime Talbot.
9:44 of 3rd period - Stopped by Ilya Bryzgalov with a rebound.
9:46 of 3rd period - Shot by Brooks Laich.
9:46 of 3rd period - Shot Misses the Net.
9:48 of 3rd period - Shot by Maxime Talbot.
9:48 of 3rd period - Shot Misses the Net.
10:07 of 3rd period - James Wisniewski is hit by Alex Pietrangelo and loses puck.
10:23 of 3rd period - Minor Penalty to Jamie Benn for Holding.
10:24 of 3rd period - Jordan Staal wins face-off versus Brooks Laich in Jets zone.
11:26 of 3rd period - Shot by Phil Kessel.
11:26 of 3rd period - Shot Blocked by Mark Giordano.
11:56 of 3rd period - Jason Garrison is hit by Brooks Laich and loses puck.
12:25 of 3rd period - Shot by Henrik Sedin.
12:25 of 3rd period - Stopped by Henrik Lundqvist with a rebound.
12:37 of 3rd period - Shot by Matt Moulson.
12:37 of 3rd period - Shot Hit the Post.
12:45 of 3rd period - Shot by Nick Foligno.
12:45 of 3rd period - Stopped by Ilya Bryzgalov without a rebound.
12:46 of 3rd period - Jordan Staal wins face-off versus Ryan OReilly in Jets zone.
13:54 of 3rd period - Shot by Matt Moulson.
13:54 of 3rd period - Shot Misses the Net.
14:12 of 3rd period - Icing by Jason Garrison.
14:13 of 3rd period - Matt Cullen wins face-off versus Brooks Laich in Jets zone.
14:19 of 3rd period - Icing by Jason Garrison.
14:20 of 3rd period - Brooks Laich wins face-off versus Matt Cullen in Jets zone.
15:19 of 3rd period - Shot by Dave Bolland.
15:19 of 3rd period - Shot Blocked by Radek Martinek.
15:23 of 3rd period - Shot by Lee Stempniak.
15:23 of 3rd period - Shot Misses the Net.
15:36 of 3rd period - Icing by Marco Scandella.
15:37 of 3rd period - Ryan OReilly wins face-off versus Henrik Sedin in Canucks zone.
15:44 of 3rd period - Matt Moulson is hit by Henrik Zetterberg and loses puck.
16:30 of 3rd period - Shot by Jordan Staal.
16:30 of 3rd period - Stopped by Henrik Lundqvist without a rebound.
16:31 of 3rd period - Mikko Koivu wins face-off versus Matt Cullen in Canucks zone.
17:06 of 3rd period - Loui Eriksson is hit by Lee Stempniak and loses puck.
17:43 of 3rd period - Shot by Maxime Talbot.
17:43 of 3rd period - Stopped by Ilya Bryzgalov without a rebound.
17:44 of 3rd period - Henrik Sedin wins face-off versus Brooks Laich in Jets zone.
18:15 of 3rd period - Shot by Valtteri Filppula.
18:15 of 3rd period - Shot Blocked by Johnny Oduya.
18:53 of 3rd period - Icing by Radek Martinek.
18:54 of 3rd period - Ryan OReilly wins face-off versus Matt Cullen in Canucks zone.
18:54 of 3rd period - Ryan OReilly is hit by Matt Cullen.
19:16 of 3rd period - Icing by Radek Martinek.
19:17 of 3rd period - Jordan Staal wins face-off versus Ryan OReilly in Canucks zone.
19:40 of 3rd period - Pascal Dupuis is hit by Corey Perry and loses puck.


Output by the SimonT Hockey Simulator (STHS) for Stephane Roy -- Original Page W3C XHTML 1.0 Valid
Hockey Simulator - Hockey Simulation - Hockey Manager